 Dungeon Crawl Stone Soup version 0.30-a0-782-ge64f9170bb (webtiles) character file.

Game seed: 16434458677104768192

32 theswoord the Shooter (level 3, -1/30 HPs)
             Began as a Deep Elf Hunter on Feb 23, 2023.
             Slain by Sigmund
             ... wielding a +1 scythe of venom
              (8 damage)
             ... on level 2 of the Dungeon.
             The game lasted 00:01:42 (961 turns).

theswoord the Shooter (Deep Elf Hunter)              Turns: 961, Time: 00:01:43

Health: -1/30      AC: 21    Str: 10    XL:     3   Next: 10%
Magic:  5/5        EV:  2    Int: 13    God:
Gold:   42         SH:  0    Dex: 18    Spells: 2/2 levels left

rFire   . . .      SeeInvis .    a - +0 shortbow
rCold   . . .      Faith    .    (shield currently unavailable)
rNeg    . . .      Spirit   .    (body armour currently unavailable)
rPois   +          Reflect  .    (helmet currently unavailable)
rElec   .          Harm     .    (cloak currently unavailable)
rCorr   .          Rampage  .    (gloves currently unavailable)
Will    .....      NoTele   +    (boots currently unavailable)
Stlth   ++                       (no amulet)
HPRegen 0.25/turn                (no ring)
MPRegen 0.09/turn                (no ring)

@: brilliant, tree-form
A: stationary, stasis, torment immunity, boosted hp
a: no special abilities


You were on level 2 of the Dungeon.
You were a tree.
You visited 1 branch of the dungeon, and saw 3 of its levels.

You collected 42 gold pieces.

Inventory:

Hand Weapons
 a - a +0 shortbow (weapon)
Armour
 c - a +0 leather armour
 e - a +0 scale mail (melded)
Jewellery
 j - an amulet of magic regeneration
Scrolls
 b - a scroll of immolation
Potions
 d - a potion of berserk rage
 h - a potion of cancellation
 i - 2 potions of ambrosia {unknown}


   Skills:
 - Level 1.5 Fighting
 + Level 6.7 Ranged Weapons
 - Level 2.4 Dodging
 - Level 1.2 Stealth


You had 2 spell levels left.
You didn't know any spells.
Your spell library contained the following spells:

 Spells                   Type           Power      Damage    Failure   Level
 Sandblast                Erth           0%         2d4       30%         1
 Passwall                 Tmut/Erth      0%         N/A       43%         2
 Frozen Ramparts          Ice            0%         1d1       67%         3
 Stone Arrow              Conj/Erth      0%         3d7       67%         3
 Ice Form                 Ice/Tmut       0%         N/A       97%         4
 Summon Ice Beast         Ice/Summ       0%         N/A       97%         4


Dungeon Overview and Level Annotations

Branches:
Dungeon (3/15)

Altars:

Shops:
D:1 *

Annotations:
D:2 Sigmund


Message History

Sigmund says, "Now you see me, now you don't..."
Sigmund hits you but does no damage. The kobold hits you but does no damage.
You shoot an arrow. The arrow barely misses the kobold.
You feel very sick. The kobold hits you but does no damage.
You shoot an arrow. The arrow hits the kobold!
You kill the kobold!
You feel very sick.
Sigmund flickers, as though insubstantial.
Sigmund hits you but does no damage.
You shoot an arrow. The arrow hits Sigmund!
You feel sick. Sigmund hits you but does no damage.
You shoot an arrow. The arrow closely misses Sigmund.
You feel sick.
You hear an angry hiss.
Sigmund points at you and mumbles some strange words.
The puff of flame hits you but does no damage.
You shoot an arrow. The arrow barely misses Sigmund.
You feel sick. Sigmund gestures at you while chanting.
You resist with some effort.
You shoot an arrow. The arrow hits Sigmund.
You feel sick. Sigmund casts a spell at you. You resist with some effort.
You shoot an arrow. The arrow closely misses Sigmund.
You feel sick. Sigmund casts a spell at you.
The magic dart hits you but does no damage.
You shoot an arrow.
The arrow hits Sigmund but does no damage.
You feel sick.
You are no longer poisoned.
Sigmund hits you but does no damage.
You shoot an arrow.
The arrow hits the ball python but does no damage.
The ball python completely misses you. The ball python grabs you.
The ball python constricts you. Sigmund hits you but does no damage.
The ball python bites you but does no damage.
The ball python constricts you.
You shoot an arrow. The arrow hits the ball python.
You kill the ball python!
Sigmund hits you from afar with a +1 scythe of venom!
You die...

.......... #.......#### .
..........## ... ###
#...........## ... ###..
... #.........#
.#†###...#...# #......$..#
............####..<......#
#..............†........#
#.#..#######..♣).......#
##.....^.####..#.@.....##
#..>####....#...........#
#..## ####.............#
...# ##............# ..#
#.......(....# ..
##.......... . #.#........
#.##......


You could see Sigmund.

Vanquished Creatures
  2 dart slugs
  2 ball pythons
  2 bats
  4 endoplasms (D:1)
  2 giant cockroaches (D:1)
  3 goblins (D:1)
  2 hobgoblins
  4 frilled lizards (D:1)
  5 kobolds
  2 rats (D:1)
28 creatures vanquished.

Notes
Turn   | Place    | Note
-------+----------+-------------------------------------------
     0 | D:1      | theswoord the Deep Elf Hunter began the quest for the Orb.
     0 | D:1      | Reached XP level 1. HP: 12/12 MP: 3/3
    11 | D:1      | Found Tunir's General Store.
   126 | D:1      | Reached skill level 6 in Ranged Weapons
   126 | D:1      | Reached XP level 2. HP: 16/16 MP: 4/4
   698 | D:2      | Noticed Sigmund
   698 | D:2      | You fall into a shaft and drop 1 floor!
   929 | D:2      | Reached XP level 3. HP: 20/20 MP: 5/5
   961 | D:2      | Slain by Sigmund

Skill      XL: |  1 |
---------------+----+-----
Ranged Weapons | 6 |  6.7
Fighting       | |  1.5
Dodging        | |  2.4
Stealth        | |  1.2

Action                     || total
---------------------------++-------
   Fire: Shortbow          ||    64
    Use: Scroll            ||     5
         Potion            ||     2
 Armour: Leather armour    ||     2
         Skin              ||    14
  Dodge: Dodged            ||     5

Levels and vault maps discovered:
D:1:      amcnicky_arrival_feature_with_door, layout_basic, serial_shops, shop,
          minivault_25
D:2:      layout_rooms, uniq_sigmund, uniq_robin
D:3:      layout_basic, shapermc_ecumenical_altar_rom_forum,
          hangedman_decor_clover_reticule, uniq_ijyb
